 Dungeon Crawl Stone Soup version 0.30.1-11-g7821555f0a (webtiles) character file.

Game seed: 15804899927548713228

51889 Gumption the Destroyer (level 14, -3/125 HPs)
             Began as a Green Draconian Conjurer on Nov 10, 2023.
             Was a High Priest of Vehumet.
             Slain by a vampire
             ... wielding a staff of air
              (11 damage)
             ... on level 11 of the Dungeon on Nov 13, 2023.
             The game lasted 05:22:38 (35931 turns).

Gumption the Destroyer (Green Draconian Conjurer)  Turns: 35931, Time: 05:22:39

Health: -3/125     AC: 11    Str: 14    XL:     14   Next: 25%
Magic:  18/37      EV: 11    Int: 24    God:    Vehumet [*****.]
Gold:   1087       SH: 15    Dex:  9    Spells: 2/33 levels left

rFire   . . .        a - +2 whip (elec)
rCold   . . .        e - +0 kite shield
rNeg    . . .        (body armour unavailable)
rPois   +            (helmet restricted)
rElec   .            (no cloak)
rCorr   .            (no gloves)
SInv    .            A - +2 pair of boots
Will    +....        p - amulet of reflection
Stlth   +++          k - ring of wizardry
HPRegen 0.40/turn    t - ring "Pucsidamp" {Contam rPois MP+9 Str+2 Int+2}
MPRegen 0.25/turn

%: reflection, wizardry (x1)
@: about to teleport
A: breathe noxious fumes, AC +8, unfitting armour, stinger 1, poison resistance,
cold-blooded
a: Breathe Noxious Fumes, Renounce Religion


You were on level 11 of the Dungeon.
You worshipped Vehumet.
Vehumet was extremely pleased with you.
You visited 3 branches of the dungeon, and saw 17 of its levels.

You collected 1087 gold pieces.

Inventory:

Hand Weapons
 a - a +2 whip of electrocution (weapon)
Missiles
 o - 42 poisoned darts
Armour
 e - a +0 kite shield (worn)
 A - a +2 pair of boots (worn)
Jewellery
 d - a ring of positive energy
 g - a ring of see invisible
 k - a ring of wizardry (left hand)
 p - an amulet of reflection (around neck)
 t - the ring "Pucsidamp" (right hand) {Contam rPois MP+9 Str+2 Int+2}
   (You took it off a centaur warrior on level 11 of the Dungeon)

   [ring of magical power]

   Str:       It affects your strength (+2).
   Int:       It affects your intelligence (+2).
   rPois:     It protects you from poison.
   MP:        It affects your magic capacity (+9).
   Contam:    It causes magical contamination when unequipped.
 C - a ring of wizardry
 F - a ring of wizardry
 G - a +5 ring of evasion
Wands
 f - a wand of quicksilver (17)
 w - a wand of mindburst (11)
 y - a wand of roots (11)
 D - a wand of flame (11)
 I - a wand of paralysis (19)
Scrolls
 c - 4 scrolls of enchant weapon
 i - 5 scrolls of magic mapping
 l - a scroll of poison
 m - a scroll of silence
 r - 3 scrolls of teleportation
 v - a scroll of fear
 x - a scroll of enchant armour
Potions
 b - 7 potions of brilliance
 h - 2 potions of heal wounds
 j - 2 potions of lignification
 n - a potion of haste
 q - 6 potions of curing
 s - 4 potions of flight
 u - 2 potions of might {unknown}
 z - 2 potions of mutation
 B - a potion of ambrosia
 E - 2 potions of attraction
Miscellaneous
 H - a piece from Xom's chessboard (15/15)


   Skills:
 + Level 11.7 Fighting
 + Level 3.2 Dodging
 - Level 5.0 Stealth
 - Level 10.0 Shields
 + Level 10.0 Spellcasting
 + Level 13.3 Conjurations
 - Level 2.0 Hexes
 - Level 10.0 Summonings
 - Level 3.0 Translocations
 - Level 4.0 Air Magic


You had 2 spell levels left.
You knew the following spells:

 Your Spells              Type           Power      Damage    Failure   Level
a - Magic Dart            Conj           100%       1d8       1%          1
b - Searing Ray           Conj           100%       2d8       1%          2
c - Dazzling Flash        Conj/Hex       98%        N/A       1%          3
d - Iskenderun's Mystic   Conj/Tloc      51%        2d11      1%          4
e - Arcjolt               Conj/Air       26%        1d36      1%          5
f - Spellforged Servitor  Conj/Summ      31%        N/A       10%         7
g - Orb of Destruction    Conj           33%        9d10      5%          7
h - Static Discharge      Conj/Air       100%       2-7/arc   1%          2

Your spell library contained the following spells:

 Spells                   Type           Power      Damage    Failure   Level
 Olgreb's Toxic Radiance  Pois           12%        N/A       13%         4
 Kiss of Death            Conj/Necr      100%       2d13      1%          1
 Sandblast                Erth           24%        2d8       1%          1
 Passwall                 Tmut/Erth      10%        N/A       8%          2
 Stone Arrow              Conj/Erth      88%        3d12      1%          3
 Summon Guardian Golem    Hex/Summ       40%        N/A       1%          3
 Fulminant Prism          Conj/Hex       24%        3d12      1%          4
 Volatile Blastmotes      Fire/Tloc      38%        2d13      2%          3
 Vhi's Electric Charge    Tloc/Air       56%        N/A       3%          3
 Ozocubu's Armour         Ice            12%        N/A       16%         3
 Lee's Rapid Deconstruct  Erth           6%         3d6*      32%         5
 Ozocubu's Refrigeration  Ice            6%         4d8       99%         7
 Maxwell's Capacitive Co  Air            15%        ∞         100%        8


Dungeon Overview and Level Annotations

Branches:
Dungeon (11/15)            Temple (1/1) D:6            Lair (5/5) D:10
  Swamp (0/4) Lair:3        Snake (0/4) Lair:3        Slime (0/5) Lair:4
    Orc: D:9-12

Altars:
Ashenzari
Cheibriados
Dithmenos
Elyvilon
Fedhas
Gozag
Hepliaklqana
Kikubaaqudgha
Makhleb
Nemelex Xobeh
Okawaru
Qazlal
Ru
Sif Muna
Trog
Uskayaw
Vehumet
Wu Jian
Xom
Yredelemnul
Zin
The Shining One
Jiyva

Portals:
Abyss: Lair:2

Annotations:
D:6 Duvessa
Lair:2 2 transporters, Hawk2023's ghost, journeyman GnFi


Innate Abilities, Weirdness & Mutations

You can breathe blasts of noxious fumes.
Your lurid green scales are hard. (AC +8)
You cannot fit into any form of body armour.
Your tail ends in a venomous barb.
Your system is resistant to poisons. (rPois)
You are cold-blooded and may be slowed by cold attacks.


Message History

* * * LOW HITPOINT WARNING * * *
You block something's attack. Something bites you.
* * * LOW HITPOINT WARNING * * *
Something draws strength from your injuries!
Casting: Arcjolt (mildly dangerous; 1% risk of failure)
Confirm with . or Enter, or press ? or * to list all spells.
Electricity surges outward!
Something is struck by an electric surge!
The boulder beetle is struck by an electric surge.
The boulder beetle is lightly wounded.
The boulder beetle bites you.
* * * LOW HITPOINT WARNING * * *
Something barely misses you. Something bites you but does no damage.
You feel much better. You block the boulder beetle's attack.
Something hits you.
* * * LOW HITPOINT WARNING * * *
Something bites you but does no damage.
As you read the scroll of teleportation, it crumbles to dust.
You feel strangely unstable. The boulder beetle bites you!
* * * LOW HITPOINT WARNING * * *
You hear some strange, mumbled words.
Something tries to affect you, but you resist.
Casting: Arcjolt (mildly dangerous; 1% risk of failure)
Confirm with . or Enter, or press ? or * to list all spells.
Arcjolt might hit your spellforged servitor.
Cast it anyway?
Okay, then.
Casting: Arcjolt (mildly dangerous; 1% risk of failure)
Confirm with . or Enter, or press ? or * to list all spells.
Arcjolt might hit your spellforged servitor.
Cast it anyway?
Electricity surges outward!
Something is struck by an electric surge.
The boulder beetle is struck by an electric surge!
The boulder beetle is moderately wounded.
Your spellforged servitor resists.
Your spellforged servitor is struck by an electric surge.
Your spellforged servitor is lightly damaged.
The boulder beetle bites you!
* * * LOW HITPOINT WARNING * * *
Something hits you!
You die...

..# #.#.......#.... .#
#######)#..... #....
........###'#####>...
#######....††..........
.....##'######........
.............#........
#..........#........
###..........#9.......
#....@B9.....#........
#.#...{......#........
#.....................
#.....................
##...##..#...#8.8.8...
#... ##.####..8.8....
###...# #.#. #8.8.8...
.....##...####.8.8....
####
......##.#...#8.8.8...


You could see a boulder beetle and a friendly spellforged servitor (summoned).

Vanquished Creatures
  Josephine (D:10)
  3 centaur warriors
  A catoblepas (Lair:3)
  2 boulder beetles
  2 two-headed ogres
  5 death yaks (Lair:4)
  A skyshark (Lair:4)
  A skeletal warrior (D:10)
  A wolf spider (Lair:5)
  Pikel (D:7)
  An ugly thing (D:9)
  A cyclops (D:11)
  5 elephants (Lair:4)
  8 black mambas
  17 cane toads
  A guardian serpent (Lair:5)
  A gargoyle (D:10)
  12 komodo dragons
  Maggie (D:6)
  3 kobold demonologists
  2 rime drakes (Lair:5)
  A polar bear (Lair:2)
  4 trolls (D:11)
  3 hornets (Lair:5)
  7 dream sheep (Lair:4)
  11 blink frogs
  A shadow (D:8)
  A slime creature (D:9)
  3 wraiths (D:10)
  14 wyverns
  4 basilisks
  33 yaks
  3 steam dragons
  A redback (Lair:5)
  3 vampire mosquitoes (D:11)
  Menkaure (D:7)
  3 nagas (Lair:3)
  32 water moccasins
  An ice beast (D:7)
  8 orc warriors
  3 black bears
  2 hornet zombies (D:7)
  11 wolves
  17 centaurs
  3 lemures (D:6)
  2 phantoms
  6 kobold brigands
  7 bullfrogs
  3 gnoll sergeants
  3 scorpions
  2 wyvern zombies (D:7)
  4 wights
  13 killer bees
  7 howler monkeys
  2 centaur zombies (D:7)
  6 orc priests
  6 jellies
  2 sleepcaps
  7 iguanas
  9 orc wizards
  Natasha (D:4)
  A boggart simulacrum (D:11)
  A howler monkey zombie (D:7)
  6 gnolls
  7 adders
  A shadow imp (D:6)
  A white imp (D:8)
  2 ufetubi
  2 worms
  5 dart slugs
  22 orcs
  8 ball pythons
  9 bats
  13 endoplasms
  5 giant cockroaches
  14 goblins
  11 hobgoblins
  2 jackals (D:1)
  22 kobolds
  8 quokkas
  5 frilled lizards
  7 rats
472 creatures vanquished.

Vanquished Creatures (collateral kills)
  A skyshark (Lair:5)
  A manticore (D:11)
  An ugly thing (D:11)
  A polar bear (Lair:5)
  A yak (Lair:5)
  An acid dragon (D:11)
  2 water moccasins (Lair:5)
8 creatures vanquished.

Vanquished Creatures (others)
  An orc (D:10)
1 creature vanquished.

Grand Total: 481 creatures vanquished

Notes
Turn   | Place    | Note
-------+----------+-------------------------------------------
     0 | D:1      | Gumption the Draconian Conjurer began the quest for the
                  | Orb.
     0 | D:1      | Reached XP level 1. HP: 14/14 MP: 3/3
   160 | D:1      | Reached XP level 2. HP: 20/20 MP: 3/5
   371 | D:1      | Learned a level 2 spell: Searing Ray
   818 | D:1      | Reached XP level 3. HP: 26/26 MP: 1/6
  1508 | D:2      | Learned a level 3 spell: Dazzling Flash
  1518 | D:2      | Found a faded altar of an unknown god.
  1966 | D:2      | Reached XP level 4. HP: 33/33 MP: 4/8
  3298 | D:3      | Reached skill level 5 in Conjurations
  3334 | D:3      | Found an iron altar of Okawaru.
  3689 | D:4      | Reached XP level 5. HP: 38/38 MP: 4/10
  3739 | D:4      | Noticed Natasha
  3825 | D:3      | Reached skill level 1 in Hexes
  4250 | D:4      | Found an ancient bone altar of Kikubaaqudgha.
  4424 | D:4      | Reached XP level 6. HP: 45/45 MP: 1/12
  4761 | D:4      | Learned a level 4 spell: Iskenderun's Mystic Blast
  5240 | D:4      | Reached skill level 1 in Fighting
  5267 | D:4      | Killed Natasha
  5358 | D:4      | Found a snail-covered altar of Cheibriados.
  5406 | D:5      | Entered Level 5 of the Dungeon
  5723 | D:5      | Reached skill level 5 in Spellcasting
  5723 | D:5      | Reached skill level 1 in Translocations
  5723 | D:5      | Your scales start taking on a lurid green colour.
  5723 | D:5      | Reached XP level 7. HP: 55/55 MP: 2/14
  5723 | D:5      | Gained mutation: Your system is resistant to poisons.
                  | (rPois) [Green Draconian growth]
  7050 | D:6      | Learned a level 5 spell: Arcjolt
  7567 | D:6      | Reached skill level 6 in Conjurations
  7567 | D:6      | Reached skill level 1 in Air Magic
  7567 | D:6      | Reached XP level 8. HP: 61/66 MP: 7/15
  7598 | D:6      | Noticed Duvessa
  7769 | D:6      | Found a staircase to the Ecumenical Temple.
  7769 | D:6      | Found a glowing silver altar of Zin.
  7775 | Temple   | Entered the Ecumenical Temple
  7859 | Temple   | Became a worshipper of Vehumet
  7994 | D:6      | Found a shimmering blue altar of Sif Muna.
  8255 | D:6      | Found an opulent altar of Gozag.
  8255 | D:6      | Found a bloodstained altar of Trog.
  8431 | D:6      | Found a shimmering altar of Xom.
  8432 | D:6      | Found a glowing golden altar of the Shining One.
  8437 | D:6      | Found a white marble altar of Elyvilon.
  8622 | D:7      | Noticed Maggie
  8859 | D:7      | Noticed Pikel
  8867 | D:6      | Reached skill level 5 in Fighting
  9501 | D:6      | Killed Maggie
  9957 | D:7      | Reached XP level 9. HP: 74/74 MP: 13/17
 10188 | D:7      | Noticed Menkaure
 10196 | D:7      | Killed Menkaure
 10308 | D:7      | Reached skill level 7 in Conjurations
 11284 | D:7      | Killed Pikel
 11432 | D:7      | Found a basalt altar of Yredelemnul.
 11521 | D:7      | Reached skill level 5 in Stealth
 11521 | D:7      | Reached skill level 8 in Conjurations
 12375 | D:8      | Found a hazy altar of Hepliaklqana.
 12532 | D:8      | Reached * piety under Vehumet
 12532 | D:8      | Offered knowledge of Freeze by Vehumet.
 12786 | D:8      | Reached XP level 10. HP: 80/81 MP: 15/21
 13558 | D:8      | Learned a level 7 spell: Spellforged Servitor
 13655 | D:9      | Noticed a two-headed ogre
 13908 | D:9      | Killed a two-headed ogre
 13909 | D:9      | Reached skill level 1 in Summonings
 14266 | D:9      | Found a stormy altar of Qazlal.
 14337 | D:9      | Noticed a centaur warrior
 14340 | D:8      | Reached skill level 9 in Conjurations
 15517 | D:9      | Noticed a green ugly thing
 15524 | D:9      | Killed a green ugly thing
 15680 | D:9      | Reached ** piety under Vehumet
 15682 | D:9      | Offered knowledge of Kiss of Death by Vehumet.
 15686 | D:9      | Noticed a boulder beetle
 15687 | D:9      | Learned a level 1 spell: Kiss of Death
 16323 | D:9      | Killed a centaur warrior
 16555 | D:9      | Reached XP level 11. HP: 94/94 MP: 18/23
 16740 | D:9      | Identified the +2 leather armour "Upneis" {+Inv rN+ Dex+2
                  | Slay+2}
 16981 | D:9      | Found a hide-covered altar of Uskayaw.
 17219 | D:10     | Entered Level 10 of the Dungeon
 17252 | D:9      | Reached skill level 1 in Shields
 17376 | D:9      | Killed a boulder beetle
 17377 | D:9      | Reached skill level 10 in Conjurations
 17815 | D:10     | Reached skill level 5 in Summonings
 18304 | D:10     | Found a staircase to the Lair.
 18821 | D:10     | Noticed Josephine
 19072 | D:10     | Noticed a sun demon
 20053 | D:10     | Offered knowledge of Static Discharge by Vehumet.
 20057 | D:10     | Learned a level 2 spell: Static Discharge
 20159 | D:10     | Killed Josephine
 20160 | D:10     | Reached skill level 5 in Shields
 20826 | D:11     | Reached *** piety under Vehumet
 21045 | D:11     | Noticed a boulder beetle
 21055 | D:11     | Noticed a cyan ugly thing
 21803 | D:11     | Identified the ring "Pucsidamp" {Contam rPois MP+9 Str+2
                  | Int+2}
 21803 | D:11     | Noticed a centaur warrior
 21805 | D:11     | Killed a centaur warrior
 21885 | D:11     | Noticed a two-headed ogre
 21900 | D:11     | Killed a two-headed ogre
 21901 | D:11     | Reached XP level 12. HP: 105/105 MP: 9/24
 22005 | D:11     | Noticed a boulder beetle
 22961 | D:11     | Offered knowledge of Airstrike by Vehumet.
 22998 | D:11     | Noticed a tengu warrior
 23205 | Lair:1   | Entered Level 1 of the Lair of Beasts
 24133 | Lair:1   | Reached skill level 10 in Fighting
 24569 | Lair:1   | Reached skill level 11 in Conjurations
 24569 | Lair:1   | Reached **** piety under Vehumet
 25031 | Lair:2   | Noticed a boulder beetle
 25258 | Lair:2   | Found a transporter.
 25272 | Lair:2   | Found a transporter.
 26232 | Lair:2   | Found a one-way gate to the infinite horrors of the Abyss.
 26232 | Lair:2   | Noticed Hawk2023's ghost (journeyman GnFi)
 26369 | Lair:2   | Killed a boulder beetle
 27048 | Lair:3   | Found a staircase to the Swamp.
 27286 | Lair:3   | Noticed a catoblepas
 27560 | Lair:3   | Killed a catoblepas
 27561 | Lair:3   | Reached XP level 13. HP: 104/113 MP: 1/26
 27936 | Lair:3   | Offered knowledge of Ignite Poison by Vehumet.
 28301 | Lair:3   | Found a staircase to the Snake Pit.
 28630 | Lair:3   | Learned a level 7 spell: Orb of Destruction
 30050 | Lair:4   | Found a staircase to the Slime Pits.
 30050 | Lair:4   | Found a viscous altar of Jiyva.
 30059 | Lair:4   | Reached skill level 10 in Spellcasting
 30102 | Lair:4   | Reached ***** piety under Vehumet
 30102 | Lair:4   | Offered knowledge of Olgreb's Toxic Radiance by Vehumet.
 30555 | Lair:4   | Reached skill level 12 in Conjurations
 30560 | Lair:4   | Reached skill level 10 in Shields
 30901 | Lair:4   | HP: 2/113 [death yak (13)]
 31836 | Lair:5   | Entered Level 5 of the Lair of Beasts
 34196 | Lair:5   | Gained mutation: Your tail ends in a venomous barb. [Green
                  | Draconian growth]
 34196 | Lair:5   | Reached XP level 14. HP: 124/124 MP: 28/28
 34763 | Lair:5   | Reached skill level 13 in Conjurations
 34763 | Lair:5   | Reached skill level 10 in Summonings
 35931 | D:11     | Slain by a vampire

Illustrated notes

Levels and vault maps discovered:
D:1:      wander_arrival_abandoned_jail, layout_rooms, minmay_tetromino_l4
D:2:      minmay_chambers_of_twos, layout_rooms,
          hellmonk_ecumenical_altar_inner_sanctum
D:3:      layout_rooms, okawaru_trees_2, kennysheep_path_1,
          minmay_misc_feat_diagonals
D:4:      layout_basic, kennysheep_little_box, chei_slow_surprise, serial_glass,
          glass_columns_a, glass_columns_b, feat_on_display,
          minmay_misc_feat_more_columns, uniq_natasha
D:5:      layout_cave_pods
D:6:      layout_loops_cross, lemuel_tele_altar,
          chequers_temple_overflow_statue_of_worship, minitemple,
          minmay_temple_entry_wispy, nicolae_hexahallways, uniq_duvessa
D:7:      layout_rooms, nicolae_yredelemnul_corpse_copse, uniq_maggie,
          uniq_menkaure, uniq_pikel
D:8:      layout_basic, mainiacjoe_overflow_chevrons
D:9:      layout_roguey, marbit_many_paths, nicolae_qazlal_style_of_elements,
          nicolae_benzene_ring, minmay_pinched_square
D:10:     layout_stronghold, david_lair_generic, uniq_josephine
D:11:     layout_irregular_city, serial_column_ruins, column_ruins_grid_1,
          column_ruins_open_tiny, column_ruins_open_small,
          column_ruins_open_medium, column_ruins_open_tiny,
          minmay_the_grid_square_5x5_3x3_mashed
          [minmay_the_grid_square_5x5_n_small,
          minmay_the_grid_square_5x5_one_wall,
          minmay_the_grid_square_5x5_two_walls_a,
          minmay_the_grid_square_5x5_doubleslash,
          minmay_the_grid_square_5x5_megaprize_open,
          minmay_the_grid_square_5x5_mess,
          minmay_the_grid_square_5x5_checkered_statues,
          minmay_the_grid_square_5x5_two_small, minmay_the_grid_square_5x5_n]
Temple:   nicolae_temple_ecumenical_triangle
Lair:1:   layout_roguey, minivault_25, beast_lair_carwin_6
Lair:2:   layout_regular_city, gammafunk_ghost_abyssal_escape
Lair:3:   layout_roguey, swamp_mist, nicolae_snake_entry_squirm,
          grunt_megastairs_5, infiniplex_staircase_pool_2
Lair:4:   layout_roguey, nicolae_slime_entry_slimehenge, wad_woods_river_01
Lair:5:   hangedman_lair_tendril_chambers, layout_gridlike, st_stairs_13,
          chequers_serial_rivers_small_a

Skill      XL: |  1  2  3  4  5  6  7  8  9 10 11 12 13 14 |
---------------+-------------------------------------------+-----
Dodging        | 2 3 |  3.2
Spellcasting   | 3 4 5 7 8 9 10 | 10.0
Conjurations   | 5 6 8 9 10 11 12 13 | 13.3
Hexes          | 1 2 |  2.0
Fighting       | 2 4 5 7 9 10 11 | 11.7
Translocations | 1 3 |  3.0
Air Magic      | 1 3 4 |  4.0
Stealth        | 3 5 |  5.0
Summonings     | 4 5 7 9 10 | 10.0
Shields        | 6 9 10 | 10.0

Action                     |  1- 3 |  4- 6 |  7- 9 | 10-12 | 13-15 || total
---------------------------+-------+-------+-------+-------+-------++-------
  Melee: Tailslap          |     7 |     2 |     7 |    12 |    16 ||    44
         Unarmed           |     2 |       |       |       |       ||     2
         Dagger            |    28 |    42 |    39 |     5 |       ||   114
         Whip              |       |       |     7 |    80 |    81 ||   168
   Cast: Magic Dart        |    79 |   136 |   139 |   176 |    58 ||   588
         Searing Ray       |     3 |    11 |    43 |   116 |    80 ||   253
         Dazzling Flash    |     1 |     4 |     5 |     1 |       ||    11
         Iskenderun's Myst |       |       |    29 |    45 |    83 ||   157
         Arcjolt           |       |       |       |   112 |    73 ||   185
         Kiss of Death     |       |       |       |     2 |       ||     2
         Static Discharge  |       |       |       |     3 |       ||     3
         Orb of Destructio |       |       |       |       |     8 ||     8
         Spellforged Servi |       |       |       |       |     6 ||     6
Ability: Breathe Noxious F |       |       |       |     8 |     1 ||     9
  Evoke: Wand              |       |       |       |     6 |       ||     6
    Use: Potion            |     1 |     3 |       |     3 |     3 ||    10
         Scroll            |       |     8 |     7 |     4 |     7 ||    26
   Stab: Sleeping          |       |     1 |       |     1 |       ||     2
         Invisible         |       |     1 |       |       |       ||     1
         Confused          |       |       |       |     1 |       ||     1
 Armour: Skin              |    12 |    31 |    41 |    86 |    82 ||   252
  Dodge: Dodged            |    32 |    69 |   102 |   194 |    89 ||   486
  Block: Other             |       |    29 |    42 |    26 |       ||    97
         Reflection        |       |       |     8 |    44 |     1 ||    53
         Kite shield       |       |       |       |   190 |   218 ||   408
